 Dungeon Crawl Stone Soup version 0.27.1-3-gb3d3a73c9e (webtiles) character file.

Game seed: 11579478390554303163

36 Eitelfritz the Skirmisher (level 3, -1/40 HPs)
             Began as an Ogre Fighter on Oct 12, 2021.
             Slain by a gnoll (5 damage)
             ... on level 2 of the Dungeon.
             The game lasted 00:01:27 (1188 turns).

Eitelfritz the Skirmisher (Ogre Fighter)            Turns: 1188, Time: 00:01:27

Health: -1/40      AC:  3    Str: 20    XL:     3   Next: 37%
Magic:  3/3        EV:  8    Int:  9    God:
Gold:   46         SH:  8    Dex:  9    Spells: 2/2 levels left

rFire    . . .     SeeInvis .   a - +0 flail
rCold    . . .     Faith    .   c - +0 kite shield
rNeg     . . .     Spirit   .   b - +0 robe
rPois    .         Reflect  .   (helmet restricted)
rElec    .         Harm     .   (no cloak)
rCorr    .         Rampage  .   (gloves unavailable)
Will     .....                  (boots unavailable)
Stlth    +.........             (no amulet)
HPRegen  0.13/turn              (no ring)
MPRegen  0.08/turn              (no ring)

@: no status effects
A: large, unfitting armour, tough skin 1
a: no special abilities


You were on level 2 of the Dungeon.
You visited 1 branch of the dungeon, and saw 2 of its levels.

You collected 46 gold pieces.

Inventory:

Hand Weapons
 a - a +0 flail (weapon)
Armour
 b - a +0 robe (worn)
 c - a +0 kite shield (worn)
Jewellery
 i - a +4 ring of evasion
Scrolls
 e - 2 scrolls of torment {unknown}
 f - a scroll of enchant weapon {unknown}
 g - 3 scrolls of identify {unknown}
 h - a scroll of enchant armour {unknown}
Potions
 d - a potion of might


   Skills:
 + Level 4.3 Fighting
 + Level 2.2 Maces & Flails
 + Level 3.0 Dodging
 + Level 0.4 Stealth
 + Level 3.0 Shields


You had 2 spell levels left.
You didn't know any spells.
Your spell library was empty.

Dungeon Overview and Level Annotations

Branches:
Dungeon (2/15)

Altars:

Shops:
D:1 [


Innate Abilities, Weirdness & Mutations

You are too large for most types of armour.
You have tough skin. (AC +1)


Message History

The gnoll is moderately wounded.
The gnoll hits you with a +1 flail of protection!
You block the gnoll's attack.
You barely miss the gnoll.
The gnoll is moderately wounded.
The gnoll barely misses you.
You hit the gnoll but do no damage.
The gnoll is moderately wounded.
The gnoll barely misses you. The gnoll closely misses you.
You hit the gnoll but do no damage.
The gnoll is moderately wounded.
The gnoll completely misses you.
You barely miss the gnoll.
The gnoll is moderately wounded.
You block the gnoll's attack.
The gnoll hits you with a +1 flail of protection.
You barely miss the gnoll.
The gnoll is moderately wounded.
The gnoll hits you with a +1 flail of protection.
You hit the gnoll.
The gnoll is heavily wounded.
You block the gnoll's attack. The gnoll barely misses you.
You thump the gnoll!
You kill the gnoll!
You hit the gnoll.
The gnoll is lightly wounded.
You block the gnoll's attack. x2
You thump the gnoll!
The gnoll is severely wounded.
The gnoll barely misses you.
You closely miss the gnoll.
The gnoll is severely wounded.
The gnoll hits you with a +0 flail!
* * * LOW HITPOINT WARNING * * *
The gnoll hits you with a +0 flail!
* * * LOW HITPOINT WARNING * * *
You closely miss the gnoll.
The gnoll is severely wounded.
The gnoll hits you with a +0 flail.
You die...

############### #.#
#.............# #.#
#.............####.#.####
##.......>..............(+
#..........#...###..#+####
#..........#...# ......
#....####'##...#.........
#....# #.##...#.........#
#....# #@##...###..#.....
#....# #g##...# #########
#....# #g##...#
#########'###### ###
#........####...
#........#......
#.......g#......
#...............
#...............


You could see 2 gnolls.

Vanquished Creatures
  A gnoll (D:2)
  3 dart slugs
  3 ball pythons (D:1)
  2 giant cockroaches
  A hobgoblin (D:1)
  3 quokkas (D:1)
  4 goblins (D:1)
  A kobold (D:1)
  2 rats
20 creatures vanquished.

Notes
Turn   | Place    | Note
-------+----------+-------------------------------------------
     0 | D:1      | Eitelfritz the Ogre Fighter began the quest for the Orb.
     0 | D:1      | Reached XP level 1. HP: 24/24 MP: 1/1
   243 | D:1      | Found Jideb's Antique Armour Shoppe.
   377 | D:1      | Reached XP level 2. HP: 31/32 MP: 2/2
   936 | D:1      | Found a faded altar of an unknown god.
  1087 | D:2      | Reached XP level 3. HP: 33/39 MP: 3/3
  1188 | D:2      | Slain by a gnoll

Illustrated notes

Levels and vault maps discovered:
D:1:      kilobyte_arrival_exit_the_forest, layout_loops_ring, serial_shops,
          nicolae_shop_crystal, ebering_ecumenical_altar_hall,
          minmay_close_crescents
D:2:      layout_basic

Skill      XL: |  1  2 |
---------------+-------+-----
Maces & Flails | 2 |  2.2
Dodging        | 3 |  3.0
Shields        | 3 |  3.0
Fighting       | |  4.3
Stealth        | |  0.4

Action                   || total
-------------------------++-------
Melee: Flail             ||    65
 Stab: Sleeping          ||     1
Armor: Robe              ||    12
Dodge: Dodged            ||    23
Block: Kite shield       ||    24
